 Dungeon Crawl Stone Soup version 0.26.1-10-gdfb7c7de75 (webtiles) character file.

Game seed: 9857417121355543706

91 Almogavar the Magician (level 4, -11/41 HPs)
             Began as a Gnoll Wanderer on Apr 5, 2021.
             Mangled by an ogre
             ... wielding a +0 giant club
              (18 damage)
             ... on level 3 of the Dungeon.
             The game lasted 00:05:16 (2526 turns).

Almogavar the Magician (Gnoll Wanderer)             Turns: 2526, Time: 00:05:19

Health: -11/41     AC:  6    Str: 16    XL:     4   Next: 57%
Magic:  22/22      EV:  9    Int: 14    God:
Gold:   161        SH:  0    Dex: 14    Spells: 17/17 levels left

rFire    . . .     SeeInvis .   a - +2 spear
rCold    . . .     Faith    .   (no shield)
rNeg     . . .     Spirit   .   c - +0 scale mail
rPois    .         Reflect  .   (no helmet)
rElec    .         Harm     .   (no cloak)
rCorr    .         Rampage  .   (no gloves)
Will     .....                  (no boots)
Stlth    +.........             (no amulet)
HPRegen  0.13/turn              h - ring of magical power
MPRegen  0.18/turn              (no ring)

@: no status effects
A: distributed training, fangs 1, strong nose
a: no special abilities


You were on level 3 of the Dungeon.
You visited 1 branch of the dungeon, and saw 3 of its levels.

You collected 161 gold pieces.

Inventory:

Hand Weapons
 a - a +2 spear (weapon)
Missiles
 k - 2 javelins (quivered)
Armour
 c - a +0 scale mail (worn)
Jewellery
 h - a ring of magical power (left hand)
Scrolls
 b - a scroll of fog
 e - 3 scrolls of remove curse {unknown}
 f - 2 scrolls of teleportation
 g - a scroll of enchant armour {unknown}
 i - a scroll of blinking {unknown}
 l - a scroll of magic mapping
Potions
 j - a potion of heal wounds {unknown}


   Skills:
 + Level 6.6 Fighting
 + Level 1.2 Short Blades
 + Level 1.2 Long Blades
 + Level 1.2 Axes
 + Level 1.2 Maces & Flails
 + Level 1.2 Polearms
 + Level 1.2 Staves
 + Level 1.2 Slings
 + Level 1.2 Bows
 + Level 1.2 Crossbows
 + Level 2.8 Throwing
 + Level 1.2 Armour
 + Level 1.2 Dodging
 + Level 2.6 Stealth
 + Level 1.2 Shields
 + Level 1.2 Unarmed Combat
 + Level 7.2 Spellcasting
 + Level 2.2 Conjurations
 + Level 2.2 Hexes
 + Level 1.0 Summonings
 + Level 1.0 Necromancy
 + Level 1.0 Translocations
 + Level 1.0 Transmutations
 + Level 1.0 Fire Magic
 + Level 1.0 Ice Magic
 + Level 1.0 Air Magic
 + Level 1.0 Earth Magic
 + Level 1.0 Poison Magic
 + Level 1.3 Invocations
 + Level 1.2 Evocations


You had 17 spell levels left.
You didn't know any spells.
Your spell library contained the following spells:

 Spells                   Type           Power        Failure   Level
 Magic Dart               Conj           44%          21%         1
 Sting                    Tmut/Pois      28%          34%         1
 Dazzling Flash           Conj/Hex       22%          52%         3
 Ignite Poison            Fire/Tmut/Pois 7%           71%         3


Dungeon Overview and Level Annotations

Branches:
Dungeon (3/15)

Altars:
Fedhas
Wu Jian


Innate Abilities, Weirdness & Mutations

Your experience applies equally to all skills.
You have very sharp teeth.
Your uncanny sense of smell can sniff out nearby items.


Message History

You barely miss the ogre.
The ogre is lightly wounded.
The ogre closely misses you.
You hit the ogre.
The ogre is heavily wounded.
The ogre hits you with a +0 giant club!
You barely miss the ogre. You bite the ogre.
The ogre is heavily wounded.
The ogre hits you with a +0 giant club!!
Ouch! That really hurt!
* * * LOW HITPOINT WARNING * * *
You are too injured to fight recklessly!
You are too injured to fight recklessly!
Throw: 3 javelins
Press: ? - help, Q - select action Shift-Dir - straight line, f/p - ogre
Aim: an ogre, wielding a +0 giant club (heavily wounded, 77% to hit)
You throw a javelin. The javelin pierces through the ogre.
The ogre is heavily wounded.
The ogre hits you with a +0 giant club!!
You die...

#...# ∆ .. #...# ... #
#...#####.# #. #..^......##
#..#........... #######
#..........# ##. ......#
##..<......##...
......####(...$O@......#
...........#...........#
.......# ##..#.....##..
.......####.........#
.........##.#...#.### .
..(......##.#......# .
...........÷....#..# .#
##..##...#.#....#..######.#
#
##†.....#................#.#


You could see an ogre.

Vanquished Creatures
  3 adders (D:3)
  An ooze (D:2)
  3 worms
  A dart slug (D:2)
  2 leopard geckos
  An orc (D:3)
  2 giant cockroaches (D:3)
  6 goblins
  3 hobgoblins
  4 jackals (D:2)
  4 kobolds
  A ball python (D:3)
  7 bats
  5 frilled lizards
  4 rats
47 creatures vanquished.

Notes
Turn   | Place    | Note
-------+----------+-------------------------------------------
     0 | D:1      | Almogavar the Gnoll Wanderer began the quest for the Orb.
     0 | D:1      | Almogavar set off with the following items: a +2 spear, a
                  | +0 robe; and the following spells available to memorise:
                  | Magic Dart, Sting, Dazzling Flash, Ignite Poison
     0 | D:1      | Reached XP level 1. HP: 23/23 MP: 8/8
   393 | D:1      | Reached XP level 2. HP: 29/29 MP: 10/10
  1223 | D:2      | Reached XP level 3. HP: 32/35 MP: 11/11
  1309 | D:2      | Found a blossoming altar of Fedhas.
  1407 | D:2      | Reached skill level 1 in Invocations
  1874 | D:2      | Found an ornate altar of the Wu Jian Council.
  2014 | D:3      | Reached skill level 1 in Short Blades
  2014 | D:3      | Reached skill level 1 in Long Blades
  2014 | D:3      | Reached skill level 1 in Axes
  2014 | D:3      | Reached skill level 1 in Maces & Flails
  2014 | D:3      | Reached skill level 1 in Polearms
  2014 | D:3      | Reached skill level 1 in Staves
  2014 | D:3      | Reached skill level 1 in Slings
  2014 | D:3      | Reached skill level 1 in Bows
  2014 | D:3      | Reached skill level 1 in Crossbows
  2014 | D:3      | Reached skill level 1 in Armour
  2014 | D:3      | Reached skill level 1 in Dodging
  2014 | D:3      | Reached skill level 1 in Shields
  2014 | D:3      | Reached skill level 1 in Unarmed Combat
  2014 | D:3      | Reached skill level 1 in Evocations
  2026 | D:3      | Reached XP level 4. HP: 41/41 MP: 13/13
  2220 | D:3      | Reached skill level 1 in Summonings
  2220 | D:3      | Reached skill level 1 in Necromancy
  2220 | D:3      | Reached skill level 1 in Translocations
  2220 | D:3      | Reached skill level 1 in Transmutations
  2220 | D:3      | Reached skill level 1 in Fire Magic
  2220 | D:3      | Reached skill level 1 in Ice Magic
  2220 | D:3      | Reached skill level 1 in Air Magic
  2220 | D:3      | Reached skill level 1 in Earth Magic
  2220 | D:3      | Reached skill level 1 in Poison Magic
  2518 | D:3      | Noticed an ogre
  2526 | D:3      | Mangled by an ogre

Illustrated notes

Levels and vault maps discovered:
D:1:      eino_arrival_cavern_a, layout_loops_cross, roderic_serpentine_path,
          kennysheep_small_spiral, minmay_tetromino_t4
D:2:      layout_loops_ring, nzn_wu_jian_council_hall, lemuel_crystal_altar
D:3:      layout_rooms

Skill      XL: |  1  2  3  4 |
---------------+-------------+-----
Conjurations   | 2 |  2.2
Hexes          | 2 |  2.2
Invocations    | 1 |  1.3
Short Blades   | 1 |  1.2
Long Blades    | 1 |  1.2
Axes           | 1 |  1.2
Maces & Flails | 1 |  1.2
Polearms       | 1 |  1.2
Staves         | 1 |  1.2
Slings         | 1 |  1.2
Bows           | 1 |  1.2
Crossbows      | 1 |  1.2
Armour         | 1 |  1.2
Dodging        | 1 |  1.2
Shields        | 1 |  1.2
Unarmed Combat | 1 |  1.2
Evocations     | 1 |  1.2
Summonings     | 1 |  1.0
Necromancy     | 1 |  1.0
Translocations | 1 |  1.0
Transmutations | 1 |  1.0
Fire Magic     | 1 |  1.0
Ice Magic      | 1 |  1.0
Air Magic      | 1 |  1.0
Earth Magic    | 1 |  1.0
Poison Magic   | 1 |  1.0
Fighting       | |  6.6
Throwing       | |  2.8
Stealth        | |  2.6
Spellcasting   | |  7.2

Action                   |  1- 3 |  4- 6 || total
-------------------------+-------+-------++-------
Melee: Spear             |   115 |    45 ||   160
       Bite              |     9 |     6 ||    15
       Punch             |       |     1 ||     1
Throw: Javelin           |       |     1 ||     1
  Use: Scroll            |     4 |       ||     4
 Stab: Sleeping          |     1 |       ||     1
Armor: Robe              |     8 |       ||     8
       Scale mail        |    24 |    15 ||    39
Dodge: Dodged            |    41 |     8 ||    49
